 Dungeon Crawl Stone Soup version 0.24-a0-258-gb86c0f735e (webtiles) character file.

Game seed: 5560453221680529140

35 Redear the Shield-Bearer (level 3, -1/30 HPs)
             Began as a Formicid Fighter on Apr 19, 2019.
             Killed by divine providence
             ... invoked by an orc priest
              (11 damage)
             ... on level 3 of the Dungeon.
             The game lasted 00:01:09 (714 turns).

Redear the Shield-Bearer (Formicid Fighter)          Turns: 714, Time: 00:01:10

Health: -1/30      AC:  7    Str: 20    XL:     3   Next: 52%
Magic:  3/3        EV:  9    Int:  7    God:
Gold:   60         SH:  0    Dex: 11    Spells: 2/2 levels left

rFire    . . .     SeeInvis +   a - +0 war axe
rCold    . . .     Gourm    .   (no shield)
rNeg     . . .     Faith    .   b - +0 scale mail
rPois    .         Spirit   .   (helmet unavailable)
rElec    .         Reflect  .   (no cloak)
rCorr    .         Harm     .   (no gloves)
MR       .....                  (no boots)
Stlth    ..........             (no amulet)
HPRegen  0.10/turn              (no ring)
MPRegen  0.08/turn              (no ring)

@: no status effects
A: permanent stasis, dig shafts and tunnels, four strong arms, antennae 3
a: Dig, Shaft Self


You were on level 3 of the Dungeon.
You were not hungry.

You visited 1 branch of the dungeon, and saw 3 of its levels.

You collected 60 gold pieces.

Inventory:

Hand Weapons
 a - a +0 war axe (weapon)
Armour
 b - a +0 scale mail (worn)
 c - a +0 shield
Scrolls
 e - 2 scrolls of teleportation {unknown}
 f - a scroll of immolation {unknown}
 g - a scroll of amnesia {unknown}
 h - a scroll of identify {unknown}
Potions
 d - 2 potions of might {Str+5 DMG+1d10 | @q3}
Comestibles
 z - 2 rations


   Skills:
 + Level 3.7 Fighting
 + Level 2.4 Axes
 + Level 3.7 Armour
 + Level 4.1 Shields


You had 2 spell levels left.
You didn't know any spells.
Your spell library was empty.

Dungeon Overview and Level Annotations

Branches:
Dungeon (2/15)

Altars:

Annotations:
D:3 Jessica


Innate Abilities, Weirdness & Mutations

You cannot be hasted, slowed, berserked, paralysed or teleported.
You can dig through walls and to a lower floor.
Your four strong arms can wield two-handed weapons with a shield.
You have a pair of large antennae on your head. (SInv)


Message History

The shaft crumbles and collapses.
An orc comes into view.
The orc shouts!
An orc comes into view. It is wielding a +0 club.
The orc shouts!
An adder comes into view.
The adder hisses angrily.
The ooze moves out of view.
Found an escape hatch in the ceiling. 2 orcs and an orc priest come into view.
Unknown command.
Jessica the Apprentice Sorceress comes into view.
She is wielding a +4 club.
Jessica shouts!
Found 3 scrolls labeled ENUASI USEUBE.
A bat comes into view.
Jessica mumbles some strange words.
Jessica blinks!
The orc priest mumbles some strange prayers to Beogh against you.
Beogh smites you!
You die...

?..#.. .......b#
......... ..@....###
#.......### .#
###.........#####...#
............oooo....#
....ยง....o..##.{#.o.#
##.##@.######.....#
#.## ..### #.# #.# #.#
.# #.# .# ### .S


You could see an orc priest, Jessica, 3 orcs and a bat.

Vanquished Creatures
  An adder (D:2)
  A dart slug (D:1)
  3 giant cockroaches (D:1)
  A goblin (D:1)
  5 hobgoblins (D:1)
  2 kobolds (D:1)
  A quokka (D:2)
  3 bats
  5 rats
22 creatures vanquished.

Notes
Turn   | Place    | Note
-------+----------+-------------------------------------------
     0 | D:1      | Redear the Formicid Fighter began the quest for the Orb.
     0 | D:1      | Reached XP level 1. HP: 18/18 MP: 1/1
    43 | D:1      | Reached XP level 2. HP: 17/24 MP: 2/2
   298 | D:1      | Reached XP level 3. HP: 29/29 MP: 3/3
   581 | D:2      | Found a faded altar of an unknown god.
   587 | D:2      | Reached skill level 4 in Shields
   707 | D:2      | You fall through a shaft!
   712 | D:3      | Noticed Jessica
   714 | D:3      | Killed from afar by an orc priest

Levels and vault maps discovered:
D:1:      minmay_arrival_floating_metal, layout_rooms
D:2:      layout_rooms, nicolae_overflow_crystal_walls,
          nicolae_tso_swordbearing_angel,
          chequers_ecumenical_altar_simple_redux, hangedman_decor_slide_cut
D:3:      cheibrodos_fertilizer, layout_rooms,
          chequers_temple_overflow_statue_of_worship,
          grunt_temple_overflow_growth_and_decay, st_stairs_12,
          guppyfry_early_orc_mine, uniq_jessica

Skill      XL: |  1  2  3 |
---------------+----------+-----
Shields        | 4 |  4.1
Fighting       | |  3.7
Axes           | |  2.4
Armour         | |  3.7

Action                   || total
-------------------------++-------
Melee: War axe           ||    66
Armor: Scale mail        ||    44
Dodge: Dodged            ||    38
Block: Shield            ||     5

Table legend:
 A = Non-vault XP
 B = Vault XP
 C = Vault XP percentage of total XP
 D = Non-vault monster count
 E = Vault monster count
 F = Vault count percentage of total count
                 A         B        C        D         E       F
            +---------+---------+-------+---------+---------+-------
      Total |      50 |       0 |   0.0 |      22 |       0 |   0.0
            +---------+---------+-------+---------+---------+-------
        D:1 |      31 |       0 |   0.0 |      17 |       0 |   0.0
        D:2 |      19 |       0 |   0.0 |       5 |       0 |   0.0
            +---------+---------+-------+---------+---------+-------
